 Dungeon Crawl Stone Soup version 0.29.1-1-gd02db6906a (webtiles) character file.

Game seed: 2997061830081164838

119 Ashen the Chiller (level 4, -5/32 HPs)
             Began as a Demonspawn Ice Elementalist on Oct 20, 2022.
             Slain by a gnoll
             ... wielding a +0 spear
              (7 damage)
             ... on level 3 of the Dungeon.
             The game lasted 00:06:52 (2807 turns).

Ashen the Chiller (Demonspawn Ice Elementalist)     Turns: 2807, Time: 00:06:53

Health: -5/32      AC:  3    Str:  8    XL:     4   Next: 73%
Magic:  8/8        EV: 12    Int: 18    God:
Gold:   96         SH:  0    Dex: 14    Spells: 4/8 levels left

rFire   . . .      SeeInvis .   k - +0 flail (vamp)
rCold   . . .      Faith    .   (no shield)
rNeg    . . .      Spirit   .   a - +1 robe
rPois   .          Reflect  .   (no helmet)
rElec   .          Harm     .   (no cloak)
rCorr   .          Rampage  .   (no gloves)
Will    .....                   (no boots)
Stlth   ++........              (no amulet)
HPRegen 0.10/turn               (no ring)
MPRegen 0.11/turn               (no ring)

@: about to teleport
A: spiny 1
a: no special abilities


You were on level 3 of the Dungeon.
You visited 1 branch of the dungeon, and saw 3 of its levels.

You collected 96 gold pieces.

Inventory:

Hand Weapons
 e - a +0 short sword
 f - a +0 short sword
 k - a +0 vampiric flail (weapon)
Armour
 a - a +1 robe (worn)
Scrolls
 i - 4 scrolls of identify {unknown}
Potions
 b - a potion of magic
 c - a potion of brilliance {unknown}
 h - a potion of cancellation {unknown}
 j - 2 potions of lignification {unknown}
 n - 2 potions of mutation {unknown}
 o - a potion of invisibility {unknown}


   Skills:
 + Level 1.5 Fighting
 + Level 2.5 Dodging
 + Level 2.7 Stealth
 + Level 2.7 Spellcasting
 + Level 4.1 Ice Magic


You had 4 spell levels left.
You knew the following spells:

 Your Spells              Type           Power      Damage    Failure   Level
a - Freeze                Ice            68%        1d8       3%          1
b - Frozen Ramparts       Ice            34%        1d6       10%         3

Your spell library contained the following spells:

 Spells                   Type           Power      Damage    Failure   Level
 Ozocubu's Armour         Ice            17%        N/A       10%         3
 Blink                    Tloc           4%         N/A       26%         2
 Lesser Beckoning         Tloc           2%         N/A       45%         3
 Hailstorm                Conj/Ice       9%         3d4       58%         4
 Manifold Assault         Tloc           2%         N/A       99%         5


Dungeon Overview and Level Annotations

Branches:
Dungeon (3/15)

Altars:
Ashenzari
Qazlal
Trog

Annotations:
D:3 1 transporter


Innate Abilities, Weirdness & Mutations

You are partially covered in sharp spines.


Message History

Your surroundings suddenly seem different.
A hobgoblin and 4 gnolls come into view.
Found a scroll labelled QUURUOME JEAVE.
The gnoll shouts! x2
A rat comes into view.
As you read the scroll labelled CEN SIUDUSKIRPH, it crumbles to dust.
It is a scroll of enchant armour.
Your +0 robe glows green for a moment.
The gnoll barely misses you. The gnoll hits you with a +0 whip.
The hobgoblin shouts!
As you read the scroll labelled LUHUEL NUMO, it crumbles to dust.
It is a scroll of brand weapon.
Your +0 flail thirsts for the lives of mortals!
k - a +0 vampiric flail (weapon)
The gnoll hits you with a +0 whip. The hobgoblin barely misses you.
The gnoll hits you from afar with a +0 spear.
The gnoll barely misses you. The gnoll is struck by your spines.
The gnoll misses you.
The air fills with toxic fumes!
As you read the scroll labelled TIOMUE JUADO, it crumbles to dust.
It was a scroll of poison.
The gnoll is struck by your spines. The gnoll hits you with a +0 whip!
The gnoll closely misses you. The gnoll barely misses you.
The hobgoblin is struck by your spines. The hobgoblin barely misses you.
The gnoll is struck by your spines. The gnoll closely misses you.
As you read the scroll labelled MEALIO GUHASUC, it crumbles to dust.
You feel strangely unstable.
It was a scroll of teleportation.
The gnoll completely misses you. The gnoll barely misses you.
The hobgoblin misses you. The gnoll is struck by your spines.
The gnoll hits you with a +0 whip.
* * * LOW HITPOINT WARNING * * *
The gnoll hits you with a +0 whip.
* * * LOW HITPOINT WARNING * * *
You barely miss the gnoll.
The gnoll is moderately wounded.
The gnoll hits you but does no damage.
The gnoll hits you from afar with a +0 spear.
* * * LOW HITPOINT WARNING * * *
The gnoll hits you from afar with a +0 spear!
You die...

#§§§§§§§§ #
#§§§§§§§§
#§#§r§§§§§§
#§#§§§§§§§§
#§#§§§§§§§§
#§§gg§§§#
#§ggg§§§#
#§§@§§§§#
#§§§§§§§+
##§§§§§§#
########


You could see 4 gnolls, a hobgoblin and a rat.

Vanquished Creatures
  5 gnolls
  An adder (D:3)
  A worm (D:3)
  2 dart slugs (D:1)
  5 orcs (D:3)
  A bat (D:2)
  3 endoplasms
  A giant cockroach (D:1)
  4 goblins
  2 hobgoblins
  5 jackals (D:1)
  3 quokkas
  6 ball pythons
  3 frilled lizards
  3 kobolds
  6 rats
51 creatures vanquished.

Vanquished Creatures (others)
  18 plants
  5 withered plants (D:1)
23 creatures vanquished.

Grand Total: 74 creatures vanquished

Notes
Turn   | Place    | Note
-------+----------+-------------------------------------------
     0 | D:1      | Ashen the Demonspawn Ice Elementalist began the quest for
                  | the Orb.
     0 | D:1      | Reached XP level 1. HP: 13/13 MP: 3/3
   229 | D:1      | Gained mutation: You are partially covered in sharp spines.
                  | [demonic ancestry]
   229 | D:1      | Reached XP level 2. HP: 6/19 MP: 0/5
   724 | D:1      | Reached XP level 3. HP: 7/25 MP: 1/6
   848 | D:1      | Learned a level 3 spell: Frozen Ramparts
   979 | D:1      | Found a faded altar of an unknown god.
  1401 | D:2      | Reached skill level 1 in Fighting
  1408 | D:2      | You fall into a shaft and drop 1 floor!
  1718 | D:3      | Identified the +1 robe of Resourcefulness {rN+}
  1833 | D:3      | Reached skill level 4 in Ice Magic
  1833 | D:3      | Reached XP level 4. HP: 32/32 MP: 5/7
  1875 | D:3      | Found a transporter.
  2792 | D:3      | Found a broken altar of Ashenzari.
  2793 | D:3      | Found a bloodstained altar of Trog.
  2798 | D:3      | Found a stormy altar of Qazlal.
  2807 | D:3      | Slain by a gnoll

Illustrated notes

Levels and vault maps discovered:
D:1:      dpeg_arrival_lava_temple_mockup, layout_rooms,
          shapermc_ecumenical_altar_flowoftime, nicolae_grassy_gnolls
D:2:      layout_basic, serial_shops, nicolae_shop_hallway_plus
D:3:      layout_basic, gammafunk_temple_overflow_forgotten,
          gammafunk_ghost_mausoleum, uniq_natasha

Skill      XL: |  1  2  3 |
---------------+----------+-----
Stealth        | 2 |  2.7
Dodging        | 2 |  2.5
Fighting       | 1 |  1.5
Ice Magic      | 4 |  4.1
Spellcasting   | |  2.7

Action                   |  1- 3 |  4- 6 || total
-------------------------+-------+-------++-------
Melee: Short sword       |    13 |       ||    13
       Unarmed           |     7 |       ||     7
       Flail             |    38 |    10 ||    48
 Cast: Freeze            |    39 |    19 ||    58
  Use: Scroll            |       |     4 ||     4
 Stab: Sleeping          |     7 |     3 ||    10
Armor: Robe              |     8 |     5 ||    13
Dodge: Dodged            |    43 |    31 ||    74
